 Dungeon Crawl Stone Soup version 0.25.1-11-g244df3a29b (webtiles) character file.

Game seed: 3985870250998060287

1590017 DeepDeath the Conqueror (level 27, 286/286 HPs)
             Began as a Hill Orc Fighter on Dec 2, 2023.
             Was a High Priest of Beogh.
             Escaped with the Orb
             ... and 3 runes on Dec 7, 2023!
             The game lasted 08:58:02 (87522 turns).

DeepDeath the Conqueror (Hill Orc Fighter)         Turns: 87522, Time: 08:58:03

Health: 286/286    AC: 41    Str: 26    XL:     27
Magic:  53/53      EV: 19    Int: 12    God:    Beogh [*****.]
Gold:   1195       SH: 27    Dex: 20    Spells: 30/32 levels left

rFire    + + .     SeeInvis +   d - +7 broad axe (holy)
rCold    + + .     Gourm    .   y - +5 kite shield {rN+}
rNeg     + + +     Faith    .   n - +4 gold dragon scales
rPois    +         Spirit   +   R - +2 hat of the Bear Spirit {Spirit, +Rage rN+ MR++}
rElec    +         Reflect  +   D - scarf {repulsion}
rCorr    .         Harm     .   L - +2 pair of gloves {archery}
MR       +++++     Clarity  +   C - +0 pair of boots
Stlth    ..........             k - amulet "Nestres" {Reflect rElec rF+ MP+9 SH+5 Stlth+}
HPRegen  0.57/turn              x - ring "Lopnad" {rN+ MP+9 Int+4}
MPRegen  0.33/turn              m - ring "Izxuts" {MR+ Dex+6 SInv}

@: hasted, repel missiles, very quick
A: walk on water, claws 1, horns 1, rugged brown scales 2, blurry vision 1,
clarity, clumsy 1, cold resistance 1, deterioration 2, poison resistance,
inhibited regeneration, no potion heal 1, MP-powered wands
0: Orb of Zot
}: 3/15 runes: decaying, serpentine, silver
a: Smiting, Recall Orcish Followers, Give Item to Named Follower, Renounce
Religion, Evoke Berserk Rage


You escaped.
You worshipped Beogh.
Beogh was extremely pleased with you.
You were very full.

You visited 10 branches of the dungeon, and saw 52 of its levels.
You visited 1 bazaar.
You also visited: Trove.

You collected 10830 gold pieces.
You spent 9635 gold pieces at shops.

Inventory:

Hand Weapons
 a - a +8 antimagic broad axe
 d - a +7 broad axe of holy wrath (weapon)
 s - a +7 war axe of flaming
 v - a +3 vampiric war axe
 w - a +9 broad axe of electrocution
Missiles
 A - 6 silver boomerangs (quivered)
 J - 11 javelins
 K - 4 silver javelins
 Z - 3 curare-tipped darts
Armour
 n - +4 gold dragon scales (worn)
 y - a +5 kite shield of positive energy (worn)
 C - a +0 pair of boots (worn)
 D - a scarf of repulsion (worn)
 L - a +2 pair of gloves of archery (worn)
 R - the +2 hat of the Bear Spirit (worn) {Spirit, +Rage rN+ MR++}
   (You found it on level 5 of the Vaults)

   It protects you from negative energy.
   It affects your resistance to hostile enchantments.
   It lets you go berserk.
Jewellery
 j - an uncursed ring of resist corrosion
 k - the amulet "Nestres" (around neck) {Reflect rElec rF+ MP+9 SH+5 Stlth+}
   (You found it in a treasure trove)

   [amulet of reflection]

   It shields you and reflects attacks.
   It protects you from fire.
   It insulates you from electricity.
   It affects your magic capacity (+9).
   It affects your SH (+5).
   It makes you more stealthy.
 m - the ring "Izxuts" (right hand) {MR+ Dex+6 SInv}
   (You took it off a draconian shifter on level 3 of the Realm of Zot)

   [ring of protection from magic]

   It affects your dexterity (+6).
   It affects your resistance to hostile enchantments.
   It lets you see invisible.
 p - the ring of Conversion {rElec MR+ Int-3 Dex+7}
   (You found it in a treasure trove)

   [ring of protection from magic]

   It affects your intelligence (-3).
   It affects your dexterity (+7).
   It insulates you from electricity.
   It affects your resistance to hostile enchantments.
 q - an uncursed ring of protection from fire
 x - the ring "Lopnad" (left hand) {rN+ MP+9 Int+4}
   (You found it on level 3 of the Depths)

   [ring of magical power]

   It affects your intelligence (+4).
   It protects you from negative energy.
   It affects your magic capacity (+9).
 z - the ring "Xax Guge" {rC+ Int+2 Slay+5 Stlth-}
   (You bought it in a shop on level 4 of the Snake Pit)

   [ring of protection from cold]

   It affects your intelligence (+2).
   It affects your accuracy and damage with ranged weapons and melee attacks
   (+5).
   It protects you from cold.
   It makes you less stealthy.
Wands
 e - a wand of digging (9)
 r - a wand of iceblast (75)
 M - a wand of clouds (16)
 U - a wand of acid (20)
 W - a wand of disintegration (31)
Scrolls
 g - 7 scrolls of holy word
 o - 6 scrolls of silence
 E - 4 scrolls of fog
 F - a scroll of summoning
 I - 4 scrolls of blinking
 N - 26 scrolls of remove curse
 O - 27 scrolls of teleportation
 P - 2 scrolls of magic mapping
 S - 6 scrolls of fear
 T - 7 scrolls of identify
Potions
 b - 2 potions of heal wounds
 c - 19 potions of curing
 h - 2 potions of haste
 t - 5 potions of ambrosia
 u - 9 potions of cancellation
 B - 8 potions of flight
 Q - 2 potions of might
 V - 2 potions of berserk rage
 Y - 3 potions of mutation
Miscellaneous
 l - a phial of floods
 H - 7 phantom mirrors
 X - a lightning rod (4/4)
Comestibles
 f - 41 rations


   Skills:
 O Level 27 Fighting
 - Level 20.0 Axes
 - Level 16.0 Throwing
 O Level 27 Armour
 + Level 19.0 Dodging
 + Level 19.5 Shields
 - Level 3.0 Spellcasting
 - Level 2.0 Necromancy
 - Level 2.0 Translocations
 - Level 16.0 Invocations
 - Level 4.0 Evocations


You had 30 spell levels left.
You knew the following spells:

 Your Spells              Type           Power        Failure   Level  Hunger
a - Apportation           Tloc           #.....       56%         1    #......
q - Animate Skeleton      Necr           N/A          56%         1    #......

Your spell library contained the following spells:

 Spells                   Type           Power        Failure   Level  Hunger
 Pain                     Necr           #...         56%         1    #......
 Blink                    Tloc           N/A          71%         2    ###....
 Sublimation of Blood     Necr           #.........   71%         2    ###....
 Corona                   Hex            #......      85%         1    #......
 Foxfire                  Conj/Fire      #...         85%         1    #......
 Freeze                   Ice            #...         85%         1    #......
 Magic Dart               Conj           #...         85%         1    #......
 Sandblast                Erth           #.....       85%         1    #......
 Shock                    Conj/Air       #...         85%         1    #......
 Sting                    Tmut/Pois      #...         85%         1    #......
 Summon Small Mammal      Summ           #...         85%         1    #......
 Corpse Rot               Necr/Air       N/A          85%         2    ###....
 Gell's Gravitas          Tloc           #.........   91%         3    ###....
 Vampiric Draining        Necr           #.........   91%         3    ###....
 Call Imp                 Summ           #.......     94%         2    ###....
 Ensorcelled Hibernation  Hex/Ice        #.....       94%         2    ###....
 Passwall                 Tmut/Erth      #.......     94%         2    ###....
 Poisonous Vapours        Pois/Air       #.....       94%         2    ###....
 Slow                     Hex            #.......     94%         2    ###....
 Portal Projectile        Hex/Tloc       #.....       97%         3    ###....
 Recall                   Summ/Tloc      N/A          97%         3    ###....
 Call Canine Familiar     Summ           #.......     99%         3    ###....
 Confusing Touch          Hex            #.......     99%         3    ###....
 Conjure Flame            Conj/Fire      #.......     99%         3    ###....
 Dazzling Flash           Conj/Hex       #.....       99%         3    ###....
 Frozen Ramparts          Ice            #.....       99%         3    ###....
 Ignite Poison            Fire/Tmut/Pois #.......     99%         3    ###....
 Inner Flame              Hex/Fire       #.......     99%         3    ###....
 Mephitic Cloud           Conj/Pois/Air  #.......     99%         3    ###....
 Ozocubu's Armour         Chrm/Ice       #.......     99%         3    ###....
 Stone Arrow              Conj/Erth      #.....       99%         3    ###....
 Summon Guardian Golem    Hex/Summ       #.......     99%         3    ###....
 Tukima's Dance           Hex            #.......     99%         3    ###....
 Airstrike                Air            #.........   100%        4    #####..
 Animate Dead             Necr           N/A          100%        4    #####..
 Cause Fear               Hex            #.........   100%        4    #####..
 Hailstorm                Conj/Ice       #.......     100%        4    #####..
 Leda's Liquefaction      Hex/Erth       #.........   100%        4    #####..
 Petrify                  Tmut/Erth      #.......     100%        4    #####..
 Sticky Flame             Conj/Fire      #.......     100%        4    #####..
 Summon Ice Beast         Ice/Summ       #.......     100%        4    #####..
 Summon Lightning Spire   Summ/Air       #.......     100%        4    #####..
 Agony                    Necr           #.......     100%        5    ######.
 Alistair's Intoxication  Tmut/Pois      #.......     100%        5    ######.
 Aura of Abjuration       Summ           #.........   100%        5    ######.
 Bolt of Magma            Conj/Fire/Erth #.........   100%        5    ######.
 Borgnjor's Vile Clutch   Necr/Erth      #.........   100%        5    ######.
 Fireball                 Conj/Fire      #.........   100%        5    ######.
 Irradiate                Conj/Tmut      #.........   100%        5    ######.
 Iskenderun's Battlesphe  Conj/Chrm      #.......     100%        5    ######.
 Lee's Rapid Deconstruct  Erth           #.........   100%        5    ######.
 Metabolic Englaciation   Hex/Ice        #.........   100%        5    ######.
 Silence                  Hex/Air        #.........   100%        5    ######.
 Summon Demon             Summ           #.........   100%        5    ######.
 Summon Forest            Summ/Tloc      #.........   100%        5    ######.
 Summon Mana Viper        Hex/Summ       #.......     100%        5    ######.
 Yara's Violent Unravell  Hex/Tmut       #.........   100%        5    ######.
 Conjure Ball Lightning   Conj/Air       #.........   100%        6    #######
 Darkness                 Hex            #.........   100%        6    #######
 Death Channel            Necr           #.........   100%        6    #######
 Dispersal                Tloc           #.........   100%        6    #######
 Eringya's Noxious Bog    Tmut/Pois      #.........   100%        6    #######
 Freezing Cloud           Conj/Ice/Air   #.........   100%        6    #######
 Hydra Form               Tmut           #.........   100%        6    #######
 Iron Shot                Conj/Erth      #.........   100%        6    #######
 Shadow Creatures         Summ           N/A          100%        6    #######
 Simulacrum               Ice/Necr       #.........   100%        6    #######
 Statue Form              Tmut/Erth      #........    100%        6    #######
 Dragon Form              Tmut           #.........   100%        7    #######
 Orb of Destruction       Conj           #.........   100%        7    #######
 Ring of Flames           Chrm/Fire      #.........   100%        7    #######
 Spellforged Servitor     Conj/Summ      #.........   100%        7    #######
 Summon Hydra             Summ           #.........   100%        7    #######
 Controlled Blink         Tloc           N/A          100%        8    #######
 Discord                  Hex            #.........   100%        8    #######
 Disjunction              Tloc           #.........   100%        8    #######
 Tornado                  Air            #.........   100%        9    #######


Dungeon Overview and Level Annotations

Branches:
Dungeon (15/15)            Temple (0/1) D:6            Lair (6/6) D:10
  Swamp (4/4) Lair:4        Snake (4/4) Lair:2        Slime (0/5) Lair:6
    Orc (2/2) D:12            Elf (3/3) Orc:2        Vaults (5/5) D:13
  Crypt (3/3) Vaults:2       Tomb (0/3) Crypt:3      Depths (5/5) D:15
    Zot (5/5) Depths:5

Altars:
Ashenzari
Cheibriados
Fedhas
Gozag
Kikubaaqudgha
Nemelex Xobeh
Okawaru
Qazlal
Trog
Wu Jian
Yredelemnul
Zin
The Shining One
Beogh

Shops:
D:6 :((:[   D:9 [*   D:10 ?   Orc:2 !%(:   Elf:2 *(   Snake:4 }=}[   Vaults:2 (
Vaults:4 ?   Depths:4 }?(*(%}   Depths:5 %[

Portals:
Hell: Depths:1 Depths:2 Depths:3 Depths:4 Depths:5
Abyss: Depths:1 Depths:3 Depths:4 Depths:5
Pandemonium: Orc:2 Depths:3 Depths:4
Ziggurat: Depths:2

Annotations:
Abyss:1 Bai Suzhen; Jofris Vesimp's ghost, legendary GnFE


Innate Abilities, Weirdness & Mutations

You can walk on water.
You have sharp fingernails.
You have a pair of small horns on your head.
You are mostly covered in rugged brown scales. (AC +2, +5% HP)
Scrolls take you a little longer to read.
You possess an exceptional clarity of mind.
You are clumsy. (Dex -2)
Your flesh is cold resistant. (rC+)
Your body often deteriorates upon taking damage.
Your system is resistant to poisons. (rPois)
You do not regenerate when monsters are visible.
Potions are less effective at restoring your health.
You expend magic power (3 MP) to strengthen your wands.


Message History

You climb upwards.
There is a stone staircase leading down here.
Unknown command.
You feel yourself speed up.
Unknown command.
A red devil, a balrug and a sun demon come into view.
The balrug is wielding a +1 demon whip of electrocution.
The balrug moves out of view.
The sun demon moves out of view.
The red devil moves out of view.
There is an open door here.
Unknown command.
Unknown command.
There is a stone staircase leading up here.
You climb upwards.
There is a stone staircase leading down here.
You open the door.
There is an open door here.
There is a staircase leading out of the dungeon here.
Unknown command.
You have escaped!

#..# #.#......##....#.. ##.#
#.##...........#.. #.##
#.####.#.##....#.. #..#
#......#.##....#..
##.####'####.#.##†...#..
#.#.......#.#....).....
#.#.8.8.8.#.......###..
#.#.......#.........###
#.+.8.@.8.'...##..#.#
#.#.......#...##..#.#
#.#.8.8.8.#)..#...#.#
#.#.......#.......#.# ###
####.####+####.^##...#.# #.#
#.##.......#.........#.# #.#
#..#######..#...##...#.##
##.####..### ####.#...........#
#..........###.##.)...###..##.#


There were no monsters in sight!

Vanquished Creatures
  9 orbs of fire
  7 ancient liches
  3 juggernauts
  Sojobo (Depths:2)
  2 greater mummies
  Boris (twice) (Depths:2 Depths:4)
  A curse toe (Zot:3)
  Frederick (Vaults:4)
  3 Killer Klowns (Zot:5)
  Vashnia (Snake:2)
  A caustic shrike (Depths:5)
  The ghost of Ukiefoc the Devastator, an adept DrFE of Vehumet (Vaults:3)
  8 golden dragons
  the Enchantress (Depths:1)
  A profane servitor (Crypt:3)
  2 bone dragons
  5 electric golems
  6 liches
  14 tentacled monstrosities
  25 Orb Guardians (Zot:5)
  Jorgrun (D:14)
  4 quicksilver dragons
  A deep elf blademaster (Elf:3)
  2 deep elf master archers (Elf:3)
  The ghost of Ciycabeu the Bludgeoner, an adept GrSk of Nemelex Xobeh (Depths:3)
  2 titans (Vaults:5)
  3 death cobs (Zot:4)
  3 thorn hunters (Swamp:4)
  4 sphinxes
  Frances (Lair:4)
  8 tengu reavers
  Kirke (Swamp:3)
  An ancient champion (Crypt:2)
  9 shadow dragons
  Donald (Snake:4)
  The ghost of unrecovered the Brawler, an adept VSWr of Ashenzari (Swamp:4)
  7 draconian monks
  A revenant (Crypt:3)
  15 storm dragons
  7 fire giants
  9 nagarajas
  5 draconian knights
  Aizul (Snake:1)
  6 vault wardens
  6 deep elf sorcerers
  4 draconian shifters
  8 draconian scorchers
  2 ghost moths
  2 iron dragons
  8 frost giants
  An orc warlord (Orc:1)
  4 curse skulls
  7 draconian annihilators
  A balrug (Depths:4)
  8 ironheart preservers
  A cacodemon (D:14)
  An angel (D:12)
  A caustic shrike skeleton (Crypt:2)
  7 deep elf elementalists (Elf:3)
  12 ghouls
  4 spriggan defenders
  9 very ugly things
  7 draconian stormcallers
  26 stone giants
  9 vampire knights
  9 black draconians
  14 deep elf demonologists
  12 green draconians
  4 deep elf annihilators
  7 white draconians
  14 yellow draconians
  Azrael (D:12)
  13 red draconians
  Snorg (Lair:6)
  7 purple draconians
  10 ettins
  6 spark wasps
  10 eidola
  12 deep elf death magi
  10 fire dragons
  11 ice dragons
  7 jiangshi
  16 yaktaur captains
  Harold (D:8)
  8 deep elf high priests
  The ghost of Zapai the Nimble, a journeyman DgAr (Lair:2)
  18 vault guards
  9 great orbs of eyes
  15 hydras
  5 spriggan air magi
  4 naga warriors (Snake:4)
  A ghost crab (Swamp:2)
  10 ogre magi
  6 rakshasas
  A shambling mangrove (Swamp:4)
  2 death knights
  A merfolk aquamancer (Depths:5)
  4 anacondas
  14 alligators
  7 centaur warriors
  Erica (D:10)
  24 dancing weapons
  46 two-headed ogres
  4 death yaks (Lair:6)
  13 tengu warriors
  11 deep troll earth magi
  6 deep troll shamans
  9 vampire magi
  Urug (Lair:6)
  4 spriggan berserkers
  4 orc high priests
  4 shock serpents
  A titan zombie (Crypt:3)
  18 naga sharpshooters
  3 hell knights
  A storm dragon zombie (Crypt:3)
  13 deep elf knights
  A soul eater (Crypt:1)
  2 sun demons
  31 skeletal warriors
  3 iron trolls (Depths:2)
  4 shadow wraiths
  2 sixfirhies
  A salamander mystic (Snake:3)
  18 deep trolls
  An anaconda zombie (Crypt:2)
  A spectral hydra (Lair:2)
  9 deep elf archers
  A gelid demonspawn (Orc:2)
  An infernal demonspawn (Orc:2)
  9 flayed ghosts
  An unseen horror (Vaults:1)
  3 spriggan druids
  A ghost moth zombie (Crypt:2)
  A death drake (shapeshifter) (Vaults:5)
  2 naga ritualists (Snake:4)
  3 shadow dragon zombies
  5 glowing orange brains
  3 orc knights
  5 wizards
  An orange crystal statue (D:10)
  An anaconda skeleton (Crypt:1)
  2 lindwurms (Swamp:4)
  11 swamp dragons
  3 harpies (Vaults:3)
  10 ironbrand convokers
  A wolf spider zombie (Crypt:3)
  23 phantasmal warriors
  42 deep elf magi
  4 necromancers
  6 wolf spiders
  2 manticores
  3 orc sorcerers
  25 ugly things
  A fire giant zombie (Crypt:3)
  2 iron dragon zombies
  A salamander (shapeshifter) (Elf:2)
  7 mana vipers
  A mana viper (shapeshifter) (Elf:1)
  3 cyclopes
  6 salamanders
  24 moths of wrath
  6 elephants
  3 dire elephant zombies (Crypt:3)
  A guardian serpent (Snake:3)
  A rust devil (Orc:2)
  17 vault sentinels
  A shock serpent zombie (Crypt:1)
  A stone giant skeleton (Crypt:2)
  A guardian serpent (shapeshifter) (Vaults:1)
  Joseph (D:7)
  A gargoyle (D:11)
  A smoke demon (Orc:2)
  12 naga magi
  30 black mambas
  A spiny frog (shapeshifter) (Vaults:4)
  3 centaur skeletons
  5 spectral swamp worms (Depths:2)
  A torpor snail (shapeshifter) (Vaults:5)
  A purple draconian zombie (Crypt:2)
  3 rime drakes
  A kobold demonologist (Depths:4)
  10 spiny frogs
  17 freezing wraiths
  Maggie (D:7)
  A human zombie (Vaults:1)
  5 komodo dragons
  An ice devil (Orc:2)
  A yellow draconian skeleton (Crypt:2)
  53 yaktaurs
  16 trolls
  A harpy zombie (Crypt:3)
  8 tengu conjurers
  5 guardian mummies
  A hydra zombie (Crypt:2)
  A merfolk (shapeshifter) (Depths:3)
  A catoblepas skeleton (Crypt:1)
  3 meliai (D:15)
  3 jumping spiders (Crypt:3)
  7 tyrant leeches
  An ice dragon zombie (Crypt:2)
  4 polar bears (Lair:6)
  11 blink frogs
  A dream sheep (Lair:6)
  A tengu simulacrum (Vaults:2)
  20 slime creatures
  10 hippogriffs
  18 hornets
  An alligator zombie (Crypt:2)
  A harpy skeleton (D:15)
  9 bog bodies
  A fire dragon zombie (Crypt:3)
  4 air elementals
  4 hippogriffs (shapeshifter)
  An ettin zombie (Crypt:3)
  5 shadows
  6 water elementals
  A human simulacrum (Vaults:1)
  Sigmund (D:4)
  2 wyverns
  A shock serpent simulacrum (Crypt:2)
  12 wraiths
  A fire dragon skeleton (Vaults:1)
  21 spriggans
  2 hogs (Swamp:3)
  A tarantella (shapeshifter) (Depths:5)
  15 yaks
  The ghost of NeilCOOKIE the Skirmisher, an amateur HOFi (D:5)
  10 fire elementals
  A hog (shapeshifter) (Vaults:3)
  4 redbacks (Crypt:3)
  5 vampires
  A chaos spawn (Orc:2)
  A fire bat (Lair:2)
  A golden eye (shapeshifter) (Vaults:5)
  A hungry ghost (D:14)
  4 basilisks
  25 vampire mosquitoes
  A death yak simulacrum (Lair:2)
  An elf skeleton (Vaults:1)
  3 spectral spiny frogs (Lair:2)
  24 nagas
  5 wargs
  9 swamp worms
  A merfolk zombie (Crypt:2)
  4 insubstantial wisps (Swamp:3)
  A soldier ant (D:10)
  2 acid dragons
  7 porcupines
  9 water moccasins
  A floating eye (Depths:2)
  A two-headed ogre skeleton (Crypt:1)
  3 black bears (Lair:6)
  2 slaves (D:7)
  An ice beast (D:9)
  6 sky beasts
  8 swamp drakes
  16 orc warriors
  A hornet zombie (D:10)
  4 phantoms
  33 ogres
  2 snapping turtle zombies (Crypt:3)
  14 necrophages
  34 wolves
  A blink frog zombie (Crypt:2)
  18 centaurs
  18 boggarts
  A torpor snail zombie (Crypt:2)
  11 crocodiles
  3 big kobolds
  18 bullfrogs
  A wyvern zombie (D:6)
  4 scorpions
  8 wyvern skeletons
  10 killer bees
  16 wights
  6 howler monkeys
  3 electric eels (Lair:4)
  A wolf zombie (Crypt:2)
  A centaur zombie (Crypt:1)
  6 crimson imps
  3 quasits
  20 jellies
  A komodo dragon simulacrum (Lair:2)
  A lava snake (Lair:2)
  8 orc priests
  7 hounds
  12 orc wizards
  A bullfrog skeleton (D:5)
  6 iguanas
  10 worker ants
  An ogre zombie (Crypt:3)
  A crocodile skeleton (Crypt:1)
  An acid dragon skeleton (Crypt:2)
  A hound zombie (D:7)
  A hound skeleton (D:5)
  6 mummies (Crypt:2)
  Robin (D:2)
  A howler monkey zombie (D:7)
  4 gnolls
  A scorpion zombie (Crypt:1)
  11 adders
  A steam dragon skeleton (Crypt:1)
  A shadow imp (D:6)
  12 oozes
  An adder skeleton (D:4)
  2 worms
  10 ball lightnings (Zot:3)
  5 leopard geckos
  35 orcs
  8 bats
  A bat skeleton (Crypt:1)
  7 giant cockroaches
  25 goblins
  8 hobgoblins
  6 jackals
  6 quokkas
  3 ball pythons
  5 frilled lizards
  22 kobolds
  A leopard gecko zombie (Crypt:2)
  3 orc zombies
  2 quokka skeletons
  7 rats
  A briar patch (Swamp:4)
  9 fungi
  A plant (Lair:6)
  4 withered plants (Crypt:3)
2075 creatures vanquished.

Vanquished Creatures (collateral kills)
  An orb of fire (Zot:5)
  2 juggernauts
  Boris (Vaults:4)
  3 golden dragons
  A bone dragon (Zot:3)
  An electric golem (Zot:1)
  8 tentacled monstrosities
  A titan (Vaults:5)
  2 deep elf blademasters
  4 sphinxes
  2 shadow dragons (Vaults:5)
  A nagaraja (Snake:4)
  A revenant (Crypt:2)
  3 storm dragons
  2 draconian monks
  3 tengu reavers
  3 fire giants
  A draconian knight (Zot:3)
  7 frost giants
  3 vault wardens (Vaults:5)
  5 deep elf sorcerers
  An iron dragon (Vaults:5)
  2 draconian shifters
  A draconian scorcher (Zot:3)
  A deep elf elementalist (Elf:3)
  2 draconian stormcallers
  A curse skull (Crypt:2)
  A ghoul (Crypt:2)
  3 ironheart preservers
  A draconian annihilator (Zot:1)
  2 spriggan defenders
  3 very ugly things
  4 stone giants
  The ghost of radhat240 the Severer, a journeyman MiFi of Makhleb (Orc:2)
  A deep elf demonologist (Depths:2)
  3 deep elf annihilators (Elf:3)
  5 red draconians
  2 purple draconians (Zot:4)
  7 spark wasps
  2 white draconians
  A black draconian (Zot:1)
  2 eidola
  9 ettins
  6 deep elf death magi
  7 ogre magi
  3 fire dragons
  Josephine (Snake:1)
  2 jiangshi
  5 yaktaur captains
  A deep elf high priest (Elf:3)
  6 great orbs of eyes
  5 naga warriors
  18 vault guards
  7 ice dragons
  3 spriggan air magi
  6 centaur warriors
  4 hydras
  10 two-headed ogres
  An anaconda (Snake:4)
  4 death knights
  8 dancing weapons
  2 deep troll shamans
  A deep troll earth mage (Depths:1)
  2 tengu warriors
  A vampire mage (Depths:4)
  4 spriggan berserkers
  5 deep elf knights
  6 naga sharpshooters
  A soul eater (Crypt:1)
  2 sun demons
  2 hell knights (Depths:3)
  7 skeletal warriors
  An unseen horror (D:14)
  An anaconda zombie (Crypt:2)
  10 deep trolls
  2 iron trolls
  A wizard (Depths:1)
  4 ironbrand convokers
  A flayed ghost (Depths:1)
  4 phantasmal warriors
  5 deep elf archers
  A swamp dragon (Swamp:3)
  4 naga ritualists
  2 wolf spiders
  A wolf spider zombie (Crypt:3)
  15 ugly things
  2 orc knights
  A shining eye (Depths:2)
  2 necromancers
  A mana viper (Snake:3)
  2 cyclopes
  4 orc sorcerers (Orc:2)
  13 deep elf magi
  A fire giant zombie (Crypt:3)
  3 moths of wrath
  A manticore (D:14)
  7 vault sentinels
  A guardian serpent (Snake:3)
  5 naga magi (Snake:4)
  A frost giant skeleton (Crypt:2)
  2 eyes of devastation (Depths:2)
  A guardian serpent (shapeshifter) (Vaults:2)
  5 black mambas
  A catoblepas zombie (Crypt:3)
  An alligator snapping turtle zombie (Crypt:1)
  2 spiny frogs
  2 centaur skeletons
  A rime drake (Lair:1)
  11 yaktaurs
  3 komodo dragons
  A yaktaur (shapeshifter) (Depths:2)
  A guardian mummy (Crypt:2)
  A meliai (shapeshifter) (Vaults:5)
  A tyrant leech (Swamp:3)
  A wind drake (shapeshifter) (Vaults:4)
  A jumping spider (shapeshifter) (Depths:2)
  2 trolls
  2 hornets
  2 blink frogs
  A dream sheep (Lair:6)
  10 slime creatures
  A dream sheep (shapeshifter) (Vaults:1)
  An air elemental (Elf:3)
  A shadow (Crypt:2)
  3 spriggans
  3 water elementals
  A fire dragon skeleton (Crypt:1)
  7 fire elementals
  2 wyverns
  A vampire (Crypt:2)
  A fire bat (Lair:2)
  A wraith (Snake:1)
  6 yaks
  2 hogs (Swamp:3)
  4 wargs
  A steam dragon (D:11)
  2 vampire mosquitoes
  A naga (shapeshifter) (Vaults:5)
  16 nagas
  A hell hound (D:12)
  A water moccasin (Lair:5)
  2 porcupines
  2 eyes of draining
  11 orc warriors
  An ice beast (D:12)
  A black bear (D:10)
  7 ogres
  3 necrophages
  4 boggarts
  A tengu (shapeshifter) (Depths:2)
  A crocodile (Lair:3)
  10 wolves
  7 centaurs
  2 bullfrogs
  A hornet simulacrum (Vaults:1)
  A howler monkey (D:11)
  3 electric eels (Lair:4)
  A hound (D:11)
  A jelly (D:12)
  11 orc priests
  3 orc wizards
  2 worker ants
  3 iguanas
  4 adders
  A shadow imp (D:14)
  An iguana skeleton (Crypt:1)
  15 orcs
  A kobold zombie (Crypt:3)
  A fire vortex (Lair:2)
  2 withered plants (Crypt:3)
547 creatures vanquished.

Vanquished Creatures (others)
  A golden dragon (Vaults:5)
  A deep elf master archer (Elf:3)
  7 orc warlords
  2 fire giants
  A tengu reaver (Depths:2)
  4 draconian shifters (Zot:4)
  A draconian annihilator (Zot:4)
  A draconian stormcaller (Zot:3)
  A black draconian (Zot:3)
  3 red draconians (Zot:4)
  A deep elf demonologist (Elf:1)
  A purple draconian (Zot:3)
  2 yellow draconians (Zot:4)
  A deep elf death mage (Elf:3)
  A two-headed ogre (Vaults:2)
  7 orc high priests
  A deep elf knight (Elf:1)
  A lindwurm (Swamp:4)
  Pikel (D:7)
  An ironbrand convoker (Vaults:3)
  36 orc knights
  12 orc sorcerers
  2 deep elf magi
  An ugly thing (Vaults:3)
  4 moths of wrath
  A cyclops (Vaults:1)
  An ice dragon zombie (Vaults:1)
  A spriggan (Depths:2)
  2 yaks (Lair:4)
  3 humans (Swamp:3)
  42 orc warriors
  A slave (D:7)
  An ogre (Depths:1)
  31 orc priests
  An electric eel (Lair:4)
  22 orc wizards
  28 ball lightnings
  78 orcs
  2 briar patches (Swamp:4)
  15 fungi
  7 plants
  7 toadstools (D:4)
337 creatures vanquished.

Grand Total: 2959 creatures vanquished

Notes
Turn   | Place    | Note
-------+----------+-------------------------------------------
     0 | D:1      | DeepDeath the Hill Orc Fighter began the quest for the Orb.
     0 | D:1      | Reached XP level 1. HP: 19/19 MP: 1/1
    59 | D:1      | Reached XP level 2. HP: 24/26 MP: 2/2
   211 | D:1      | Reached XP level 3. HP: 28/31 MP: 3/3
   582 | D:1      | Reached skill level 5 in Axes
   847 | D:2      | Noticed Robin
   869 | D:2      | Reached XP level 4. HP: 20/39 MP: 4/4
  1279 | D:2      | Killed Robin
  1803 | D:3      | Became a worshipper of Beogh the Brigand
  1837 | D:3      | Reached XP level 5. HP: 28/45 MP: 5/5
  2339 | D:3      | Reached * piety under Beogh
  2380 | D:3      | Reached skill level 1 in Invocations
  2380 | D:3      | Reached XP level 6. HP: 31/51 MP: 6/6
  3392 | D:4      | Reached skill level 1 in Throwing
  3497 | D:4      | Found an opulent altar of Gozag.
  3996 | D:4      | Noticed Sigmund
  4081 | D:5      | Entered Level 5 of the Dungeon
  4215 | D:5      | Reached XP level 7. HP: 59/59 MP: 7/7
  4261 | D:5      | Reached ** piety under Beogh
  4341 | D:5      | Found a blossoming altar of Fedhas.
  4343 | D:5      | Found a stormy altar of Qazlal.
  4413 | D:5      | Found a runed translucent gate.
  4414 | D:5      | Found a runed translucent gate.
  4415 | D:5      | Found a runed translucent gate.
  4417 | D:5      | Noticed NeilCOOKIE's ghost (amateur HOFi)
  4645 | D:5      | Reached XP level 8. HP: 60/66 MP: 8/8
  4684 | D:5      | Reached skill level 10 in Axes
  4775 | D:5      | Found a sparkling altar of Nemelex Xobeh.
  4817 | D:5      | Reached skill level 5 in Shields
  4930 | D:6      | Found Hennaf's Book Boutique.
  4949 | D:6      | Found Xunimp's Antique Weapon Shop.
  4974 | D:6      | Found Qoblesteit's Armour Shoppe.
  4979 | D:6      | Reached skill level 5 in Armour
  5161 | D:6      | Found a staircase to the Ecumenical Temple.
  5474 | D:6      | Reached XP level 9. HP: 65/71 MP: 9/9
  5539 | D:6      | Found Zinei's Weapon Shop.
  5568 | D:6      | Found Wialupn's Book Boutique.
  5723 | D:6      | Found a bloodstained altar of Trog.
  6238 | D:7      | Reached *** piety under Beogh
  6263 | D:7      | Noticed Joseph
  6285 | D:7      | Killed Joseph
  6338 | D:7      | Noticed Pikel
  6345 | D:7      | Noticed Maggie
  6364 | D:7      | Paralysed by Pikel for 2 turns
  6370 | D:7      | Killed Pikel
  6386 | D:7      | Killed Maggie
  7041 | D:8      | Noticed a two-headed ogre
  7042 | D:8      | Noticed Harold
  7060 | D:8      | Killed a two-headed ogre
  7060 | D:8      | Reached XP level 10. HP: 43/78 MP: 10/10
  7246 | D:8      | Found an ancient bone altar of Kikubaaqudgha.
  7343 | D:8      | Killed Harold
  7753 | D:9      | Noticed a two-headed ogre
  7774 | D:9      | Killed a two-headed ogre
  7875 | D:9      | Found an iron altar of Okawaru.
  7878 | D:9      | Found a basalt altar of Yredelemnul.
  7879 | D:9      | Found a shattered altar of Ashenzari.
  7879 | D:9      | Found an ornate altar of the Wu Jian Council.
  7879 | D:9      | Found a snail-covered altar of Cheibriados.
  8275 | D:9      | Found Haimeoro's Armour Shop.
  8325 | D:6      | Bought a +3 chain mail of cold resistance for 397 gold
                  | pieces
  8455 | D:9      | Reached **** piety under Beogh
  8493 | D:9      | Reached skill level 5 in Fighting
  8577 | D:9      | Found a glowing golden altar of the Shining One.
  8619 | D:9      | Reached XP level 11. HP: 82/86 MP: 11/11
  8736 | D:9      | Found Gyih's Serpentskin Sales.
  8833 | D:10     | Entered Level 10 of the Dungeon
  8833 | D:10     | Found Cinid's Magic Scroll Shoppe.
  8841 | D:10     | Gained Orik as an ally
  8844 | D:10     | Reached skill level 15 in Axes
  9005 | D:10     | Found a staircase to the Lair.
  9007 | D:10     | Noticed an orc knight
  9060 | D:10     | Noticed Erica
  9061 | D:10     | Noticed a wizard
  9073 | D:10     | Killed a wizard
  9088 | D:10     | Your ally Orik died
  9094 | D:10     | Killed Erica
  9152 | D:10     | Noticed an orc knight
  9164 | D:10     | Killed an orc knight
  9397 | D:10     | Noticed a +7 triple sword
  9398 | D:10     | Noticed a wizard
  9414 | D:10     | Killed a wizard
  9458 | D:10     | Noticed a vault guard
  9465 | D:10     | Killed a vault guard
  9472 | D:10     | Found a portal to a secret trove of treasure.
  9534 | D:10     | Noticed a centaur warrior
  9557 | D:10     | Killed a centaur warrior
  9703 | D:10     | Noticed an orange crystal statue
  9981 | Lair:1   | Entered Level 1 of the Lair of Beasts
 10035 | Lair:1   | Learned a level 1 spell: Animate Skeleton
 10149 | Lair:1   | You fall into a shaft and drop 1 floor!
 10212 | Lair:2   | Reached skill level 1 in Evocations
 10286 | Lair:2   | Gained Jorge as an ally
 10287 | Lair:2   | Your ally Jorge died
 10449 | Lair:1   | Reached skill level 10 in Shields
 10449 | Lair:1   | Reached XP level 12. HP: 100/100 MP: 14/14
 10494 | Lair:1   | Reached ***** piety under Beogh
 10691 | Lair:1   | Reached skill level 10 in Armour
 11102 | Lair:2   | Gained Gorg as an ally
 11278 | Lair:2   | Found a runed translucent gate.
 11278 | Lair:2   | Found a runed translucent gate.
 11279 | Lair:2   | Found a runed translucent gate.
 11323 | Lair:2   | Noticed Zapai's ghost (journeyman DgAr)
 11339 | Lair:2   | Found a staircase to the Snake Pit.
 12070 | D:9      | Bought a +1 pair of gloves of archery for 231 gold pieces
 12291 | Lair:3   | Noticed a seven-headed hydra
 12301 | Lair:3   | Killed a seven-headed hydra
 12309 | Lair:3   | Reached skill level 5 in Invocations
 13046 | Lair:4   | Found a staircase to the Swamp.
 13376 | Lair:4   | Noticed a four-headed hydra
 13412 | Lair:4   | Killed a five-headed hydra
 14232 | Lair:5   | Got a pitted shortbow
 14310 | Lair:5   | Gained Syrus as an ally
 14417 | Lair:4   | Your ally Syrus died
 14487 | Lair:5   | Reached XP level 13. HP: 107/112 MP: 18/18
 14658 | Lair:5   | Found a stormy altar of Qazlal.
 14870 | Lair:5   | Reached skill level 10 in Fighting
 15384 | Lair:2   | Gained mutation: You expend magic power (3 MP) to
                  | strengthen your wands. [potion of mutation]
 15384 | Lair:2   | Gained mutation: Your movements are slightly less
                  | encumbered by armour. (ER -2) [potion of mutation]
 15384 | Lair:2   | Gained mutation: You are partially covered in rugged brown
                  | scales. (AC +1, +3% HP) [potion of mutation]
 15439 | D:10     | Bought a scroll of holy word for 112 gold pieces
 15439 | D:10     | Bought a scroll of identify for 30 gold pieces
 15439 | D:10     | Bought a scroll of identify for 30 gold pieces
 15439 | D:10     | Bought a scroll of identify for 30 gold pieces
 15439 | D:10     | Bought a scroll of magic mapping for 52 gold pieces
 16712 | D:11     | Identified a scroll of acquirement
 16712 | D:11     | Acquired a +6 broad axe of electrocution
 16762 | D:12     | Reached ****** piety under Beogh
 16778 | D:11     | Gained Oreg as an ally
 16835 | D:12     | Gained Horkud as an ally
 16992 | D:12     | Found a staircase to the Orcish Mines.
 17100 | D:12     | Gained Horkud as an ally
 17197 | D:12     | Noticed Azrael
 17219 | D:12     | Killed Azrael
 17345 | D:12     | Found a glowing silver altar of Zin.
 17345 | D:12     | Noticed an angel
 17346 | D:12     | Found a runed translucent door.
 17755 | Orc:1    | Entered Level 1 of the Orcish Mines
 18191 | Orc:2    | Entered Level 2 of the Orcish Mines
 18211 | Orc:2    | Noticed an orc warlord
 18224 | Orc:2    | Gained Ugrim as an ally
 18225 | Orc:2    | Your ally Ugrim died
 18231 | Orc:1    | Killed an orc warlord
 18231 | Orc:1    | Reached XP level 14. HP: 44/124 MP: 20/20
 18359 | Orc:2    | Found a staircase to the Elven Halls.
 18446 | Orc:2    | Found a runed translucent gate.
 18446 | Orc:2    | Found a runed translucent gate.
 18446 | Orc:2    | Found a runed translucent gate.
 18447 | Orc:2    | Found an opulent altar of Gozag.
 18448 | Orc:2    | Noticed radhat240's ghost (journeyman MiFi)
 18594 | Orc:2    | Found a roughly hewn altar of Beogh.
 18722 | Orc:2    | Found Azyshum's Distillery.
 18723 | Orc:2    | Found Neicig's Food Shoppe.
 18849 | Orc:2    | Paralysed by an orc sorcerer for 5 turns
 18865 | Orc:2    | Paralysed by an orc sorcerer for 7 turns
 19072 | Orc:2    | Paralysed by an orc sorcerer for 2 turns
 19126 | Orc:2    | Found Oreu's Book Boutique.
 19126 | Orc:2    | Found a one-way gate leading to the halls of Pandemonium.
 19126 | Orc:2    | Found Hamaph's Antique Weapon Shop.
 19142 | Orc:2    | Bought a runed war axe for 169 gold pieces
 19142 | Orc:2    | Bought a glowing war axe for 169 gold pieces
 19427 | Orc:2    | Killed radhat240's ghost
 19632 | Orc:2    | Bought a potion of curing for 36 gold pieces
 19632 | Orc:2    | Bought a potion of resistance for 120 gold pieces
 19632 | Orc:2    | Bought a potion of curing for 36 gold pieces
 19830 | D:13     | Gained Korbok as an ally
 20304 | D:13     | Found a gate to the Vaults.
 20712 | D:10     | Bought a scroll of enchant armour for 112 gold pieces
 20867 | Lair:6   | Entered Level 6 of the Lair of Beasts
 20872 | Lair:6   | Reached skill level 15 in Shields
 20928 | Lair:6   | Reached skill level 1 in Dodging
 21181 | Lair:6   | Noticed Urug
 21193 | Lair:6   | Killed Urug
 21327 | Lair:6   | Found a staircase to the Slime Pits.
 21327 | Lair:6   | Noticed Snorg
 21341 | Lair:6   | Killed Snorg
 21390 | Lair:6   | Gained Oruk as an ally
 21509 | Lair:6   | Reached XP level 15. HP: 131/131 MP: 21/21
 21667 | Lair:6   | Gained Gorm as an ally
 21700 | Lair:6   | Your ally Gorm died
 21703 | Lair:6   | Gained Wulfoc as an ally
 22577 | D:4      | Killed Sigmund
 22971 | D:5      | Killed NeilCOOKIE's ghost
 23390 | D:14     | Reached skill level 5 in Dodging
 23671 | D:14     | Noticed Jorgrun
 23682 | D:14     | Killed Jorgrun
 23908 | D:15     | Entered Level 15 of the Dungeon
 23941 | D:15     | Acquired the ring "Canumm" {Slay+4 Stlth+}
 24482 | D:15     | Found a staircase to the Depths.
 24742 | D:10     | Bought a scroll of enchant armour for 112 gold pieces
 24769 | D:10     | Learned a level 1 spell: Apportation
 24852 | Lair:2   | Identified the +6 shortbow of Shrieking Terror {flame, rF+
                  | Int+3 Dex+4} (You found it on level 5 of the Lair of
                  | Beasts)
 24995 | Lair:2   | Killed Zapai's ghost
 25294 | Swamp:1  | Entered Level 1 of the Swamp
 25294 | Swamp:1  | Noticed Frances
 25319 | Lair:4   | Killed Frances
 25319 | Lair:4   | Reached XP level 16. HP: 125/149 MP: 19/22
 25723 | Swamp:1  | Gained Learuk as an ally
 26220 | Swamp:2  | Reached skill level 5 in Throwing
 26740 | Swamp:2  | Noticed a tentacled monstrosity
 27299 | Swamp:2  | Killed a tentacled monstrosity
 27321 | Swamp:2  | Got a translucent amethyst amulet
 27322 | Swamp:2  | Identified the amulet "Unimuyx" {Spirit *Corrode rPois rC+}
                  | (You found it on level 2 of the Swamp)
 27514 | Swamp:3  | Noticed Kirke
 27522 | Swamp:3  | Killed Kirke
 27522 | Swamp:3  | Reached skill level 10 in Invocations
 27682 | Swamp:3  | Your ally Oreg died
 27697 | Swamp:3  | Your ally Oruk died
 27707 | Swamp:3  | Your ally Korbok died
 28065 | Swamp:3  | Gained Marbaugh as an ally
 28078 | Swamp:3  | Reached skill level 15 in Fighting
 28113 | Swamp:3  | Your ally Marbaugh died
 28338 | Swamp:4  | Entered Level 4 of the Swamp
 28375 | Swamp:4  | Noticed a thorn hunter
 28397 | Swamp:4  | Killed a thorn hunter
 28434 | Swamp:4  | Noticed a thorn hunter
 28452 | Swamp:4  | Killed a thorn hunter
 28594 | Swamp:4  | Reached XP level 17. HP: 160/160 MP: 24/24
 28607 | Swamp:4  | Reached skill level 10 in Dodging
 29166 | Swamp:4  | Found a runed translucent gate.
 29169 | Swamp:4  | Found a runed translucent gate.
 29193 | Swamp:4  | Found a runed translucent gate.
 29195 | Swamp:4  | Noticed unrecovered's ghost (adept VSWr)
 29387 | Swamp:4  | Got a decaying rune of Zot
 29619 | Swamp:4  | Killed unrecovered's ghost
 29634 | Swamp:4  | Identified the +3 great sword "Widowmaker" {drain, rN+}
                  | (You found it on level 4 of the Swamp)
 29845 | Snake:1  | Entered Level 1 of the Snake Pit
 29848 | Snake:1  | Noticed Aizul
 29868 | Snake:1  | Killed Aizul
 29906 | Snake:1  | Identified the +1 robe of Restlessness {rElec rC+ MR+}
 29978 | Snake:1  | Gained Brunolf as an ally
 30144 | Snake:1  | Noticed Josephine
 30154 | Snake:1  | Killed Josephine
 30972 | Snake:1  | Got a steaming short sword
 31599 | Snake:2  | Noticed Vashnia
 31620 | Snake:2  | Killed Vashnia
 32226 | Snake:3  | Reached XP level 18. HP: 171/173 MP: 26/26
 32947 | Snake:4  | Entered Level 4 of the Snake Pit
 33397 | Snake:4  | Found Deihia's Gadget Shop.
 33398 | Snake:4  | Found Yhaosietse's Jewellery Shoppe.
 33399 | Snake:4  | Found Zownisut's Gadget Shop.
 33410 | Snake:4  | Bought a wand of clouds (5) for 459 gold pieces
 33416 | Snake:4  | Bought the ring "Xax Guge" {rC+ Int+2 Slay+5 Stlth-} for
                  | 837 gold pieces
 33476 | Snake:4  | Noticed Donald
 33491 | Snake:4  | Killed Donald
 33922 | Snake:4  | Found Cuhint's Antique Armour Emporium.
 33972 | Snake:4  | Gained Boghold as an ally
 33989 | Snake:4  | Gained Bogbarth as an ally
 34040 | Snake:4  | Your ally Bogbarth died
 34099 | Snake:4  | Your ally Gorg died
 34233 | Snake:4  | Reached skill level 15 in Armour
 34277 | Snake:4  | Got a serpentine rune of Zot
 34728 | Vaults:1 | Entered Level 1 of the Vaults
 34771 | Vaults:1 | Gained Bogdan as an ally
 35205 | Vaults:1 | Reached skill level 1 in Necromancy
 35207 | Vaults:1 | Reached skill level 1 in Translocations
 35222 | Vaults:1 | Reached skill level 1 in Spellcasting
 35367 | Vaults:1 | Reached XP level 19. HP: 184/184 MP: 28/28
 35921 | Vaults:1 | Noticed a Tzitzimitl
 35929 | Vaults:1 | Your ally Horkud died
 35929 | Vaults:1 | Your ally Bogdan died
 36623 | Vaults:2 | Gained Bogfrid as an ally
 37150 | Vaults:2 | Found Maitwak's Weapon Emporium.
 37543 | Vaults:2 | Found a staircase to the Crypt.
 38104 | Snake:4  | Bought a shiny chain mail for 285 gold pieces
 38583 | Vaults:3 | Noticed Ukiefoc's ghost (adept DrFE)
 38584 | Vaults:3 | Found a runed translucent gate.
 38585 | Vaults:3 | Found a runed translucent gate.
 38585 | Vaults:3 | Found a runed translucent gate.
 38637 | Vaults:3 | Gained Horkud as an ally
 38689 | Vaults:3 | Gained Bogrim as an ally
 38698 | Vaults:3 | Gained Wargath as an ally
 38840 | Vaults:3 | Reached XP level 20. HP: 178/196 MP: 29/29
 38948 | Vaults:3 | Your ally Wargath died
 39513 | Vaults:3 | Gained Urtork as an ally
 39657 | Vaults:3 | Your ally Urtork died
 40040 | Vaults:3 | Reached skill level 10 in Throwing
 40658 | Vaults:4 | Paralysed by an ogre mage for 5 turns
 40760 | Vaults:4 | Noticed Frederick
 40793 | Vaults:4 | Killed Frederick
 40797 | Vaults:4 | Noticed Boris
 40806 | Vaults:4 | Killed Boris
 41137 | Vaults:4 | Noticed Bai Suzhen
 41146 | Vaults:4 | Banished Bai Suzhen
 41591 | Vaults:4 | Reached XP level 21. HP: 207/208 MP: 30/30
 41633 | Vaults:4 | Found Wesa Jot's Magic Scroll Boutique.
 41644 | Vaults:4 | Bought a scroll of identify for 38 gold pieces
 41644 | Vaults:4 | Bought a scroll of identify for 38 gold pieces
 42442 | Elf:1    | Entered Level 1 of the Elven Halls
 42496 | Elf:1    | Gained Warbeogh as an ally
 42765 | Elf:1    | Found an ancient bone altar of Kikubaaqudgha.
 42905 | Elf:1    | Your ally Warbeogh died
 42927 | Elf:1    | Gained mutation: You tend to lose your temper in combat. [a
                  | cacodemon]
 43280 | Elf:1    | Found a runed translucent gate.
 43280 | Elf:1    | Found a runed translucent gate.
 43280 | Elf:1    | Found a runed translucent gate.
 43280 | Elf:1    | Found a runed translucent gate.
 43280 | Elf:1    | Found a runed translucent gate.
 43287 | Elf:1    | Found a runed translucent gate.
 43296 | Elf:1    | Got a transparent bone amulet
 43305 | Elf:1    | Identified the amulet "Odyut" {Reflect MR+ Dex+3 SH+5} (You
                  | found it on level 1 of the Elven Halls)
 43598 | Elf:1    | Gained Norbak as an ally
 43601 | Elf:1    | Your ally Norbak died
 43942 | Elf:2    | Identified the +0 ring mail "Veweusm" {Regen+ Stlth+} (You
                  | found it on level 2 of the Elven Halls)
 44061 | Elf:2    | Found Ebbenadoa's Elven Fire.
 44253 | Elf:2    | Found Vesuwa's Antique Weapon Shoppe.
 44278 | Elf:2    | Bought a masterwork mace for 312 gold pieces
 44278 | Elf:2    | Identified the +3 mace "Dyic" {vorpal, Fragile rC+ Str+3
                  | Int+3} (You bought it in a shop on level 2 of the Elven
                  | Halls)
 45041 | Elf:2    | Found a huge runed translucent gate.
 45041 | Elf:2    | Found a huge runed translucent gate.
 45042 | Elf:2    | Found a huge runed translucent gate.
 45043 | Elf:2    | Found a huge runed translucent gate.
 45054 | Elf:2    | Found a huge runed translucent gate.
 45739 | Elf:3    | Entered Level 3 of the Elven Halls
 45746 | Elf:3    | Identified the cursed +2 mace of Koczatef {freeze, Str+2}
                  | (You found it on level 3 of the Elven Halls)
 46325 | Elf:3    | Your ally Learuk died
 47998 | Elf:3    | Reached XP level 22. HP: 210/221 MP: 32/32
 48002 | Elf:3    | Identified the ring of Biahokk {Wiz Int+3}
 48379 | Elf:3    | Your ally Horkud died
 48423 | Elf:3    | Your ally Brunolf died
 48539 | Elf:3    | Identified the +6 rapier "Xiliur" {venom, rC+ MR+ Stlth+}
 48895 | Elf:3    | Identified the +5 morningstar of Midnight {distort, +Rage
                  | rF- rN+++ Str+4}
 49370 | Snake:4  | Bought a steaming plate armour for 1064 gold pieces
 49371 | Snake:4  | Identified the +6 plate armour "Boroshra" {Int+3 Dex+3}
                  | (You bought it in a shop on level 4 of the Snake Pit)
 49748 | Elf:3    | Identified the +6 chain mail of Tentacled Contentment
                  | {Str+2 Int+3} (You found it on level 3 of the Elven Halls)
 49766 | Elf:3    | Identified the Compendium of Moulding
 49777 | Elf:3    | Identified the +6 hand crossbow "Orb Guardian's Bane"
                  | {elec, *Drain Str+2 Dex+4} (You found it on level 3 of the
                  | Elven Halls)
 50277 | Vaults:3 | Identified the +5 ring mail "Zuemmese" {+Blink rElec rC+}
                  | (You found it on level 3 of the Vaults)
 50313 | Vaults:3 | Killed Ukiefoc's ghost
 50665 | Depths:1 | Entered Level 1 of the Depths
 50769 | Depths:1 | Found a one-way gate to the infinite horrors of the Abyss.
 50799 | Depths:1 | Gained Marbork as an ally
 50842 | D:15     | Found a staircase to the Depths.
 51636 | Depths:1 | Found a gateway to Hell.
 51849 | Depths:1 | Noticed the Enchantress
 51893 | Depths:1 | Killed the Enchantress
 52123 | Depths:1 | Gained Olfik as an ally
 53128 | Depths:2 | Found a gateway to a ziggurat.
 53731 | Depths:2 | Your ally Wulfoc died
 53934 | Depths:2 | Reached XP level 23. HP: 232/232 MP: 33/33
 54015 | Depths:2 | Gained mutation: You are weak. (Str -2) [a shining eye]
 54016 | Depths:2 | Gained mutation: You are clumsy. (Dex -2) [a shining eye]
 54247 | Depths:2 | Noticed a juggernaut
 54248 | Depths:2 | Noticed a golden dragon
 54254 | Depths:2 | Killed a juggernaut
 54262 | Depths:2 | Killed a golden dragon
 54267 | Depths:2 | Your ally Olfik died
 54283 | Depths:2 | Gained Rocco as an ally
 55195 | Depths:2 | Your ally Marbork died
 55456 | Depths:2 | Noticed Boris
 55472 | Depths:2 | Killed Boris
 55603 | Depths:2 | Noticed Sojobo
 55625 | Depths:2 | Killed Sojobo
 56367 | Vaults:1 | Lost mutation: You are weak. (Str -2) [potion of mutation]
 56367 | Vaults:1 | Lost mutation: You tend to lose your temper in combat.
                  | [potion of mutation]
 56367 | Vaults:1 | Lost mutation: Your movements are slightly less encumbered
                  | by armour. (ER -2) [potion of mutation]
 56367 | Vaults:1 | Gained mutation: You are partially covered in yellow
                  | scales. (AC +2) [potion of mutation]
 56367 | Vaults:1 | Gained mutation: You have a pair of small antennae on your
                  | head. [potion of mutation]
 56367 | Vaults:1 | Gained mutation: You have sharp fingernails. [potion of
                  | mutation]
 56564 | D:10     | Bought a scroll of blinking for 112 gold pieces
 57129 | Depths:3 | Gained Grimold as an ally
 57509 | Depths:3 | Noticed Ciycabeu's ghost (adept GrSk)
 57510 | Depths:3 | Noticed an ancient lich
 57534 | Depths:3 | Found a runed translucent door.
 57542 | Depths:3 | Found a runed translucent door.
 57913 | Depths:3 | Your ally Grimold died
 57936 | Depths:3 | Noticed a golden dragon
 57939 | Depths:3 | Reached XP level 24. HP: 219/247 MP: 34/34
 57939 | Depths:3 | Gained Ortolf as an ally
 57963 | Depths:3 | Reached skill level 15 in Invocations
 58008 | Depths:3 | Found a runed translucent gate.
 58008 | Depths:3 | Found a runed translucent gate.
 58008 | Depths:3 | Found a runed translucent gate.
 58066 | Depths:3 | Noticed a juggernaut
 58075 | Depths:3 | Killed a juggernaut
 58080 | Depths:3 | Found a runed translucent gate.
 58080 | Depths:3 | Found a runed translucent gate.
 58080 | Depths:3 | Found a runed translucent gate.
 58121 | Depths:3 | Identified the +7 hand crossbow of the Baking Wolf {flame,
                  | Fragile rN+ MR+ Stlth+} (You found it on level 3 of the
                  | Depths)
 58146 | Depths:3 | Identified the ring "Lopnad" {rN+ MP+9 Int+4} (You found it
                  | on level 3 of the Depths)
 59001 | Depths:4 | Noticed Boris
 59015 | Depths:4 | Killed Boris
 59022 | Depths:4 | Found a flickering gateway to a bazaar.
 59023 | Depths:4 | Found Rierch's Antique Weapon Shop.
 59052 | Depths:4 | Found Piqucin's Gadget Shoppe.
 59077 | Depths:4 | Found Reagran's Food Shop.
 59132 | Bazaar   | Entered a bazaar
 59134 | Bazaar   | Found Soiv's Jewellery Boutique.
 59138 | Bazaar   | Found Hongimye's Armour Boutique.
 59138 | Bazaar   | Found Qono Apiesi's Jewellery Boutique.
 59138 | Bazaar   | Found Jifomu's Antique Armour Boutique.
 59191 | Bazaar   | Bought the ring "Jeutuut" {EV+4 Str+3 Int-2 Dex+5 SInv} for
                  | 657 gold pieces
 59199 | Bazaar   | Bought a glowing hat for 119 gold pieces
 59221 | Bazaar   | Bought a cursed -4 ring of evasion for 26 gold pieces
 59226 | Bazaar   | Bought a cursed -4 ring of strength for 22 gold pieces
 59469 | Depths:4 | Found Riaf's General Store.
 59471 | Depths:4 | Found Balot's Antique Weapon Shop.
 59473 | Depths:4 | Found Astravum's Magic Scroll Boutique.
 59488 | Depths:4 | Found Rurr's Gadget Boutique.
 60848 | Depths:3 | Killed an ancient lich
 60868 | Depths:3 | Killed Ciycabeu's ghost
 61576 | Depths:4 | Your ally Rocco died
 61940 | Depths:5 | Entered Level 5 of the Depths
 61955 | Depths:5 | Identified the +6 shortbow of Kepn {speed, rF- rC+ Str+2
                  | SInv} (You found it on level 5 of the Depths)
 62017 | Depths:5 | Gained Bogbrand as an ally
 62288 | Depths:5 | Got a warped lead ring
 62289 | Depths:5 | Identified the ring of Mistrust {Fire +Blink +Inv Str+4}
                  | (You found it on level 5 of the Depths)
 62311 | Depths:5 | Found Boalenk's Armour Boutique.
 62538 | Depths:5 | Noticed a juggernaut
 62552 | Depths:5 | Killed a juggernaut
 62613 | Depths:5 | Got a crude platinum ring
 62616 | Depths:5 | Identified the ring of Disaster {*Tele rElec rF+ SInv} (You
                  | found it on level 5 of the Depths)
 62633 | Depths:5 | Found Kimesh's Food Shoppe.
 62667 | Depths:5 | Reached XP level 25. HP: 174/256 MP: 35/35
 62738 | Depths:5 | Identified the ring "Wenadat" {rPois MR+ EV+4} (You found
                  | it on level 5 of the Depths)
 62800 | Depths:5 | Found a gate to the Realm of Zot.
 62801 | Depths:5 | Found the amulet of Vitality {Regen+ HP+15}
 63056 | Depths:5 | Noticed a juggernaut
 63066 | Depths:5 | Killed a juggernaut
 63405 | Depths:5 | Noticed a juggernaut
 63417 | Depths:5 | Killed a juggernaut
 64105 | D:9      | Bought a +0 crystal plate armour for 1120 gold pieces
 64179 | D:10     | You paid a toll of a +0 crystal plate armour to enter a
                  | treasure trove
 64180 | Trove    | Entered a treasure trove
 64193 | Trove    | Got a shimmering platinum amulet
 64195 | Trove    | Got a flickering tin ring
 64202 | Trove    | Got an ancient bone amulet
 64204 | Trove    | Got a sparkling diamond amulet
 64209 | Trove    | Got a warped lapis lazuli ring
 64230 | Trove    | Identified the amulet "Nestres" {Reflect rElec rF+ MP+9
                  | SH+5 Stlth+} (You found it in a treasure trove)
 64231 | Trove    | Identified the amulet of the Okapi {Reflect +Fly Int+7
                  | Dex-5 SH+5} (You found it in a treasure trove)
 64232 | Trove    | Identified the amulet "Hidghiuki" {RegenMP MR+} (You found
                  | it in a treasure trove)
 64237 | Trove    | Identified the ring "Viecsum" {MR+ Dex+2 SInv} (You found
                  | it in a treasure trove)
 64238 | Trove    | Identified the ring of Conversion {rElec MR+ Int-3 Dex+7}
                  | (You found it in a treasure trove)
 64894 | Crypt:1  | Entered Level 1 of the Crypt
 65596 | Crypt:1  | Gained Warbeogh as an ally
 65607 | Crypt:1  | Identified the +7 falchion "Demonbane" {freeze, rC- Dex+8}
 65633 | Crypt:1  | Acquired 1210 gold pieces
 66537 | Crypt:2  | Found a basalt altar of Yredelemnul.
 67782 | Crypt:2  | Found a basalt altar of Yredelemnul.
 68325 | Crypt:2  | Noticed a greater mummy
 68332 | Crypt:2  | Killed a greater mummy
 68788 | Vaults:5 | Entered Level 5 of the Vaults
 68799 | Vaults:4 | Gained Agrik as an ally
 68802 | Vaults:5 | Your ally Agrik died
 68811 | Vaults:4 | Reached XP level 26. HP: 254/271 MP: 35/35
 68825 | Vaults:5 | Your ally Bogrim died
 68826 | Vaults:5 | Noticed an ancient lich
 68828 | Vaults:5 | Your ally Ortolf died
 68846 | Vaults:5 | Killed an ancient lich
 69000 | Vaults:5 | Your ally Warbeogh died
 69019 | Vaults:5 | Reached skill level 27 in Fighting
 69024 | Vaults:5 | Your ally Rocco died
 69035 | Vaults:5 | Your ally Horkud died
 69041 | Vaults:5 | Your ally Bogbrand died
 69788 | Vaults:5 | Gained Bogmar as an ally
 69998 | Vaults:5 | Your ally Bogbrand died
 70024 | Vaults:5 | Your ally Boghold died
 70035 | Vaults:5 | Found the amulet of the Air {Inacc +Fly rElec EV+5 RMsl}
 70173 | Vaults:5 | Reached skill level 15 in Throwing
 70710 | Vaults:5 | Found the +2 hat of the Bear Spirit {Spirit, +Rage rN+
                  | MR++}
 70717 | Vaults:5 | Got a silver rune of Zot
 71249 | Vaults:5 | Identified the +9 arbalest of Experimentation {vorpal, +Fly
                  | MR- Dex+2 SInv} (You found it on level 5 of the Vaults)
 71717 | D:6      | Bought a manual of Dodging for 1324 gold pieces
 72027 | Depths:4 | Bought a scroll of identify for 30 gold pieces
 72027 | Depths:4 | Bought a scroll of identify for 30 gold pieces
 72027 | Depths:4 | Bought a scroll of enchant weapon for 112 gold pieces
 72447 | Crypt:3  | Entered Level 3 of the Crypt
 72647 | Crypt:3  | Gained Ugbert as an ally
 73691 | Crypt:3  | Gained Warbeogh as an ally
 74200 | Crypt:3  | Reached skill level 15 in Dodging
 74277 | Crypt:3  | Found a basalt altar of Yredelemnul.
 74361 | Crypt:3  | Reached XP level 27. HP: 281/281 MP: 35/35
 74385 | Crypt:3  | Found the +6 Majin-Bo {vamp, Archmagi MP+6 Int+6}
 74454 | Crypt:3  | Identified the Reference Book on Cloudy Cold
 74732 | Crypt:3  | Found a staircase to the Tomb.
 74732 | Crypt:3  | Noticed a greater mummy
 74759 | Crypt:3  | Killed a greater mummy
 75135 | Crypt:3  | Found the +9 staff of Olgreb {rPois∞}
 75696 | Orc:2    | Bought a potion of cancellation for 96 gold pieces
 76047 | Snake:4  | Bought a wand of digging (6) for 380 gold pieces
 76180 | Lair:2   | Identified the +7 short sword "Rebracrog" {flame, Dex+5}
                  | (You found it on level 1 of the Snake Pit)
 76437 | Vaults:4 | Bought a scroll of blinking for 142 gold pieces
 76437 | Vaults:4 | Bought a scroll of holy word for 142 gold pieces
 76760 | Depths:4 | Bought a wand of acid (7) for 330 gold pieces
 76813 | Depths:4 | Bought an iridescent halberd for 324 gold pieces
 76813 | Depths:4 | Identified the cursed +3 halberd "Zewan" {venom, rF+ Str+3
                  | Dex-2} (You bought it in a shop on level 4 of the Depths)
 77156 | Zot:1    | Entered Level 1 of the Realm of Zot
 77717 | Zot:1    | Identified the +0 arbalest of Turmoil {elec, rF+ Str+5
                  | Dex-5 SInv} (You found it on level 1 of the Realm of Zot)
 78049 | Zot:1    | Your ally Warbeogh died
 78735 | Zot:1    | Your ally Bogbrand died
 79600 | Zot:3    | Found a runed translucent gate.
 79601 | Zot:3    | Found a runed translucent gate.
 79602 | Zot:3    | Found a runed translucent gate.
 79604 | Zot:3    | Noticed Jofris Vesimp's ghost (legendary GnFE)
 79608 | Zot:3    | Identified the ring "Izxuts" {MR+ Dex+6 SInv}
 80028 | Zot:3    | Noticed an orb of fire
 80055 | Zot:3    | Gained Learuk as an ally
 80063 | Zot:3    | Killed an orb of fire
 80627 | Zot:3    | Gained Grimold as an ally
 80782 | Zot:3    | Gained Borgun as an ally
 81568 | Zot:3    | Your ally Learuk died
 81569 | Zot:3    | Your ally Grimold died
 81573 | Zot:3    | Your ally Borgun died
 81699 | Zot:2    | HP: 7/281 [Jofris Vesimp's ghost/iron shot (41)]
 82179 | Zot:2    | Banished Jofris Vesimp's ghost
 82336 | Zot:3    | Identified the cursed +0 cloak of Parlour Games {*Slow
                  | rElec rPois} (You found it on level 3 of the Realm of Zot)
 83358 | Zot:4    | Noticed an orb of fire
 83476 | Zot:5    | Entered Level 5 of the Realm of Zot
 83642 | Zot:5    | Gained Ortolf as an ally
 84126 | Zot:5    | Noticed an ancient lich
 84145 | Zot:5    | Killed an ancient lich
 84147 | Zot:5    | Noticed an ancient lich
 84155 | Zot:5    | Killed an ancient lich
 84156 | Zot:5    | Noticed an orb of fire
 84164 | Zot:5    | Gained mutation: You tend to lose your temper in combat.
                  | [an orb of fire]
 84171 | Zot:5    | Killed an orb of fire
 84243 | Zot:5    | Noticed an orb of fire
 84259 | Zot:5    | Lost mutation: You expend magic power (3 MP) to strengthen
                  | your wands. [potion of mutation]
 84259 | Zot:5    | Lost mutation: You have a pair of small antennae on your
                  | head. [potion of mutation]
 84259 | Zot:5    | Lost mutation: You tend to lose your temper in combat.
                  | [potion of mutation]
 84259 | Zot:5    | Lost mutation: You are clumsy. (Dex -2) [potion of
                  | mutation]
 84259 | Zot:5    | Gained mutation: Your system is resistant to poisons.
                  | (rPois) [potion of mutation]
 84259 | Zot:5    | Gained mutation: You possess an exceptional clarity of
                  | mind. [potion of mutation]
 84259 | Zot:5    | Gained mutation: You have a pair of small horns on your
                  | head. [potion of mutation]
 84289 | Zot:5    | Gained mutation: You are clumsy. (Dex -2) [an orb of fire]
 84301 | Zot:5    | Noticed an ancient lich
 84302 | Zot:5    | Reached skill level 27 in Armour
 84311 | Zot:5    | Killed an orb of fire
 84311 | Zot:5    | Noticed an orb of fire
 84325 | Zot:5    | Killed an ancient lich
 84333 | Zot:5    | Gained mutation: Scrolls take you a little longer to read.
                  | [an orb of fire]
 84339 | Zot:5    | Killed an orb of fire
 84350 | Zot:5    | Noticed an orb of fire
 84352 | Zot:5    | Lost mutation: Your system is resistant to poisons. (rPois)
                  | [an orb of fire]
 84369 | Zot:5    | Gained mutation: You do not regenerate when monsters are
                  | visible. [an orb of fire]
 84370 | Zot:5    | Gained mutation: Your body sometimes deteriorates upon
                  | taking damage. [an orb of fire]
 84385 | Zot:5    | Gained mutation: Your magical capacity is low. (-10% MP)
                  | [an orb of fire]
 84388 | Zot:5    | Killed an orb of fire
 85000 | Zot:5    | Identified the cursed +1 flail "Xessu" {vamp, +Fly rF+
                  | Dex+2} (You found it on level 5 of the Realm of Zot)
 85108 | Zot:5    | Noticed an ancient lich
 85108 | Zot:5    | Noticed an orb of fire
 85109 | Zot:5    | Noticed an orb of fire
 85111 | Zot:5    | Noticed an orb of fire
 85123 | Zot:5    | Gained mutation: Potions are less effective at restoring
                  | your health. [an orb of fire]
 85126 | Zot:5    | Killed an orb of fire
 85128 | Zot:5    | Gained mutation: You are dopey. (Int -2) [an orb of fire]
 85132 | Zot:5    | Killed an orb of fire
 85135 | Zot:5    | Noticed an orb of fire
 85135 | Zot:5    | Noticed an ancient lich
 85136 | Zot:5    | Noticed an orb of fire
 85143 | Zot:5    | Killed an ancient lich
 85143 | Zot:5    | Killed an ancient lich
 85143 | Zot:5    | Gained mutation: Your body often deteriorates upon taking
                  | damage. [an orb of fire]
 85144 | Zot:5    | Killed an orb of fire
 85160 | Zot:5    | Killed an orb of fire
 85457 | Zot:5    | Lost mutation: You are dopey. (Int -2) [potion of mutation]
 85457 | Zot:5    | Lost mutation: You are partially covered in yellow scales.
                  | (AC +2) [potion of mutation]
 85457 | Zot:5    | Lost mutation: Your magical capacity is low. (-10% MP)
                  | [potion of mutation]
 85457 | Zot:5    | Gained mutation: You expend magic power (3 MP) to
                  | strengthen your wands. [potion of mutation]
 85457 | Zot:5    | Gained mutation: You are very clumsy. (Dex -4) [potion of
                  | mutation]
 85457 | Zot:5    | Gained mutation: Your flesh is cold resistant. (rC+)
                  | [potion of mutation]
 85518 | Zot:5    | Your ally Ugbert died
 85524 | Zot:5    | Your ally Warbeogh died
 85543 | Zot:5    | Killed an orb of fire
 86153 | Zot:5    | Lost mutation: You are very clumsy. (Dex -4) [potion of
                  | mutation]
 86153 | Zot:5    | Gained mutation: You are mostly covered in rugged brown
                  | scales. (AC +2, +5% HP) [potion of mutation]
 86153 | Zot:5    | Gained mutation: Your system is resistant to poisons.
                  | (rPois) [potion of mutation]
 86959 | Zot:5    | Got the Orb of Zot
 87118 | Zot:1    | Your ally Ortolf died
 87190 | Depths:1 | Noticed a seraph
 87522 | D:$      | Escaped with the Orb!

Illustrated notes

Levels and vault maps discovered:
D:1:      doesnt_arrival_eight_statues, layout_basic, serial_bayou_pond_a
D:2:      layout_basic, uniq_robin
D:3:      kennysheep_the_goblin_king, layout_basic, first_ration
D:4:      cheibrodos_fertilizer, layout_basic, overflow_temple_1_default,
          uniq_sigmund
D:5:      layout_basic, grunt_temple_overflow_forces_of_nature, basic_altar,
          ebering_ghost_rock_garden
D:6:      layout_basic, kennysheep_mini_moat, temple_statues, serial_shops,
          shop, shop, nicolae_shop_temple_entry_statues_fountains,
          nicolae_shop_trees, nicolae_shop_temple_entry_statues_fountains,
          minmay_starry_boxes
D:7:      layout_loops_ring, uniq_pikel, uniq_maggie, uniq_joseph
D:8:      layout_loops_ring, basic_altar, grunt_ogre_cave,
          chequers_serial_rivers_small_3, uniq_harold
D:9:      layout_roguey, grunt_temple_overflow_open,
          lemuel_coloured_pillars_altar, serial_shops, nicolae_shop_crystal,
          serial_rivers, chequers_serial_rivers_marsh,
          chequers_serial_rivers_small_b, chequers_serial_rivers_large_a,
          chequers_serial_rivers_small_b, chequers_serial_rivers_micro_d,
          chequers_serial_rivers_large_b, guppyfry_shop_venom
D:10:     layout_rooms, david_lair_generic, serial_shops, shop_statue,
          enter_trove_5, minivault_16, sword_in_stone
D:11:     layout_basic, minmay_mirror_moons_of_madness
D:12:     layout_small_grid, hiddenorc1_lemuel, lemuel_angel_altar, uniq_azrael
D:13:     layout_roguey, david_vaults_4
D:14:     layout_rooms, uniq_jorgrun
D:15:     grunt_enter_depths_magical_seal, layout_rooms
Lair:1:   layout_regular_city, grunt_megastairs_2
Lair:2:   layout_gridlike, guppyfry_snake_entry_garden,
          gammafunk_ghost_necromancy
Lair:3:   layout_regular_city
Lair:4:   layout_gridlike, minmay_swamp_entry_eels
Lair:5:   layout_roguey, basic_altar
Lair:6:   minmay_lair_end_enchanted_forest, layout_loops_ring,
          minmay_slime_entry_jelly_boxes, grunt_forest_stairs_basic,
          lemuel_fruit_tree, uniq_snorg, uniq_urug
Swamp:1:  layout_basic_swamp, evilmike_swamp_ruin_house_5, uniq_frances
Swamp:2:  cheibrodos_swamp_monstrosity, layout_falls_marsh,
          evilmike_swamp_ruin_house_1
Swamp:3:  layout_basic_swamp, serial_swamp_ruin, evilmike_swamp_ruin_house_6,
          evilmike_swamp_ruin_house_4, evilmike_swamp_ruin_house_2, uniq_kirke
Swamp:4:  swamp_alternative, layout_basic_swamp, ebering_ghost_rock_garden,
          swamp_pool5, hangedman_swamp_cone
Snake:1:  layout_misc_corridors, serial_bayou_shore_b, uniq_aizul,
          uniq_josephine
Snake:2:  layout_honeycomb, grunt_ministairs_2, uniq_vashnia
Snake:3:  layout_chambers
Snake:4:  snake_pit, layout_gridlike, serial_shops,
          nicolae_shop_overgrown_old_shop, minmay_shop_grove, uniq_donald
Orc:1:    layout_diamond_mine
Orc:2:    pf_orc_diabolical, layout_caves, basic_altar, ebering_ghost_gozag
Elf:1:    eino_elf_arrival_sip, layout_geoelf_octagon, orc_legates, st_stairs_5,
          lemuel_statue_altar
Elf:2:    layout_gridlike, serial_shops, shop, guppyfry_elf_lava
Elf:3:    nooodl_elf_gasket, layout_loops_corners, st_stairs_2,
          hangedman_elven_pyramids, grunt_ministairs_14,
          nicolae_elf_big_sculpture_1, minivault_20
Vaults:1: v_pattern_1, v_rooms_6, nicolae_vaults_fighting_squares, v_misc_30,
          ontoclasm_vaults_ligature, nicolae_vaults_gold_heap,
          nicolae_vaults_sealed_display, ontoclasm_vaults_chip,
          layout_vaults_omnigrid
Vaults:2: v_misc_4, hangedman_vaults_stretched_pinwheel, vaults_room_pool,
          hangedman_vaults_snaps, nicolae_vaults_diagonal_hallway_6,
          minmay_crypt_entry_simple_round, vaults_room_fours,
          nicolae_vaults_circle_grid_a, vaults_dpeg_ring, vaults_room_corners,
          hangedman_vaults_restitches, dpeg_vaults_monster_box,
          layout_vaults_big_room, serial_shops, shop
Vaults:3: gammafunk_vaults_ghost_split, v_misc_4, vaults_room_octagon,
          kb_rosetta, v_misc_1, vaults_room_octagon, v_alt_pattern_2,
          nicolae_vaults_little_squares_1, v_rooms_1,
          nicolae_vaults_network_periphery, nicolae_vaults_little_squares_4,
          hangedman_vaults_corner_blocks, vaults_standard_mumra_x, v_misc_22,
          layout_vaults_omnibox
Vaults:4: ontoclasm_vaults_hangar, nicolae_vaults_twisting_passages,
          vaults_room_stairs_pillars, v_misc_30, v_misc_1,
          nicolae_vaults_circle_grid_b, nicolae_vaults_ninety_degrees,
          vaults_room_grunt_arrival_checkpoint,
          nicolae_vaults_diagonal_hallway_7, hangedman_vaults_nails,
          ontoclasm_vaults_fault, vaults_dpeg_spiral, layout_vaults_omnicross,
          serial_shops, shop, uniq_bai_suzhen, uniq_frederick, uniq_boris
Vaults:5
Crypt:1:  layout_catacombs, grunt_megastairs_4
Crypt:2:  lemuel_minitomb, layout_gridlike, basic_altar, weyrava_vampire_temple
Crypt:3:  evilmike_haunted_forest
Depths:1: layout_cross, nicolae_two_hexagons, hell_entry,
          abyss_entry_small_statue_room, drop_trap, minmay_misc_feat_ornament,
          lemuel_flamethrower_2, uniq_enchantress
Depths:2: hangedman_grunt_twisty_little_passages, layout_basic,
          enter_ziggurat_d, pf_hell_entry_tar_river,
          chequers_serial_rivers_micro_b, uniq_sojobo
Depths:3: kennysheep_treasure_stockpile, layout_cave_pools, pan_entry,
          abyss_entry, muffindrake_ghost_dual_entry, pf_dread_powers_of_hell,
          minmay_misc_feat_roman, chequers_serial_rivers_micro_d,
          lightli_fourway_metalbox
Depths:4: minmay_isolated_rectangles_in_corner, layout_small_grid,
          lightli_too_deep, marbit_kobold_abyss_entry, rand_demon_pan_entry_5,
          serial_shops, bzr_entry_gold, shop_coins, nicolae_shop_crystal,
          nicolae_shop_trees, kennysheep_mini, minmay_strange_pillars,
          infiniplex_staircase_pillars_1, minmay_shop_star
Depths:5: hangedman_spin_cycle, abyss_entry, hell_entry
Zot:1:    layout_misc_corridors, hangedman_elemental_corridor
Zot:2:    layout_misc_corridors
Zot:3:    grunt_zot_stairs_mandelzot, layout_basic, gammafunk_ghost_tricky_traps
Zot:4:    layout_misc_corridors, nrook_zot_tub
Zot:5:    layout_basic

Skill      XL: |  1  2  3  4  5  6  7  8  9 10 11 12 13 14 15 16 17 18 19 20 21 22 23 24 25 26 27 |
---------------+----------------------------------------------------------------------------------+-----
Axes           | 3 4 5 6 7 8 9 11 13 14 16 17 18 20 | 20.0
Invocations    | 1 2 7 8 10 12 14 16 | 16.0
Fighting       | 4 5 7 9 10 13 15 16 18 19 20 22 23 24 25 26 27 | 27.0
Throwing       | 1 2 3 4 6 8 9 10 12 15 16 | 16.0
Armour         | 4 5 7 8 9 11 12 14 15 16 17 18 20 22 27 | 27.0
Shields        | 4 5 7 8 10 11 13 15 16 19 | 19.5
Evocations     | 1 2 4 |  4.0
Dodging        | 2 7 9 10 12 13 14 15 19 | 19.0
Necromancy     | 1 2 |  2.0
Translocations | 1 2 |  2.0
Spellcasting   | 1 2 3 |  3.0

Action                   |  1- 3 |  4- 6 |  7- 9 | 10-12 | 13-15 | 16-18 | 19-21 | 22-24 | 25-27 || total
-------------------------+-------+-------+-------+-------+-------+-------+-------+-------+-------++-------
Melee: War axe           |    81 |   275 |   331 |   653 |   318 |   173 |    33 |    59 |   111 ||  2034
       Whip              |       |       |       |    11 |     6 |       |       |       |       ||    17
       Broad axe         |       |       |       |       |   671 |   728 |   964 |   819 |  2390 ||  5572
       Headbutt          |       |       |       |       |       |       |       |       |   105 ||   105
Throw: Dart              |       |    10 |    39 |     7 |    32 |     2 |     1 |       |     8 ||    99
       Boomerang         |       |       |       |     7 |     7 |    82 |    26 |    23 |    67 ||   212
       Javelin           |       |       |       |       |       |       |    17 |       |    20 ||    37
       Throwing net      |       |       |       |       |       |       |       |     1 |       ||     1
 Cast: Apportation       |       |       |       |       |       |       |     6 |       |       ||     6
Invok: Convert to Beogh  |       |     1 |       |       |       |       |       |       |       ||     1
       Smiting           |       |       |     1 |       |       |       |     1 |     2 |     1 ||     5
       Recall Orcish Fol |       |       |       |     4 |     3 |     5 |     5 |     5 |    21 ||    43
       Give Item to Name |       |       |       |     1 |     6 |     3 |     4 |     5 |     8 ||    27
       Stop Recall       |       |       |       |       |     1 |     4 |     5 |     5 |     1 ||    16
       Resurrection      |       |       |       |       |       |       |       |     3 |     4 ||     7
Evoke: Wand              |       |     4 |     3 |    21 |     3 |       |     5 |     2 |    12 ||    50
       Lightning rod     |       |       |       |       |     5 |       |     4 |       |       ||     9
       Phantom mirror    |       |       |       |       |       |     1 |       |       |       ||     1
  Use: Potion            |     2 |       |     7 |     2 |     2 |     4 |     3 |     6 |    26 ||    52
       Scroll            |     6 |     8 |     3 |     9 |    16 |    12 |     6 |    25 |    35 ||   120
 Stab: Invisible         |       |       |     3 |       |       |       |       |       |       ||     3
       Paralysed         |       |       |     2 |    11 |     2 |       |       |       |       ||    15
       Distracted        |       |       |       |     2 |    12 |     7 |    10 |     9 |    37 ||    77
       Confused          |       |       |       |       |     4 |       |       |       |     5 ||     9
       Sleeping          |       |       |       |       |       |     3 |       |       |       ||     3
  Eat: Chunk             |       |     8 |     9 |    17 |    13 |    13 |    24 |     9 |    12 ||   105
       Ration            |       |     1 |       |     2 |     7 |     5 |     5 |    11 |    23 ||    54
Armor: Scale mail        |    32 |   119 |    79 |     3 |       |       |       |       |       ||   233
       Swamp dragon scal |       |       |       |   186 |   243 |   223 |    95 |       |       ||   747
       Plate armour      |       |       |       |       |       |       |    66 |   176 |       ||   242
       Gold dragon scale |       |       |       |       |       |       |       |    64 |   672 ||   736
Dodge: Dodged            |    16 |    48 |    57 |   153 |   235 |   374 |   321 |   252 |   672 ||  2128
       Repelled          |       |       |       |       |       |    34 |    51 |    23 |    52 ||   160
Block: Kite shield       |    33 |   135 |   156 |   386 |   565 |   661 |   626 |   808 |  2130 ||  5500
       Reflection        |       |       |       |       |       |       |    14 |    71 |    52 ||   137
